 Dungeon Crawl Stone Soup version 0.20-a0-792-g09bcfd3 (webtiles) character file.

74 GlassEater the Magician (level 4, -2/36 HPs)
             Began as a Deep Elf Fire Elementalist on Mar 1, 2017.
             Slain by Grinder (3 damage)
             ... on level 3 of the Dungeon.
             The game lasted 00:04:59 (2021 turns).

GlassEater the Magician (DEFE)                      Turns: 2021, Time: 00:04:59

Health: -2/36      AC:  5    Str: 10    XL:     4   Next: 9%
Magic:  0/12       EV: 13    Int: 21    God:
Gold:   115        SH:  0    Dex: 15    Spells: 2/11 levels left

rFire    . . .     SeeInvis .   (no weapon)
rCold    . . .     Gourm    .   a - +0 robe
rNeg     . . .     Faith    .   (no shield)
rPois    .         Spirit   +   (no helmet)
rElec    .         Reflect  .   r - +0 cloak
rCorr    .         Harm     .   (no gloves)
MR       .....                  (no boots)
Stlth    ..........             o - amulet of guardian spirit
Regen    0.2/turn               (no ring)
MPRegen  0.2/turn               h - +2 ring of protection

@: berserking, very quick
A: no striking features
a: no special abilities


You were on level 3 of the Dungeon.
You were not hungry.

You visited 1 branch of the dungeon, and saw 3 of its levels.

You collected 115 gold pieces.

Inventory:

Armour
 a - a +0 robe (worn)
 r - a +0 cloak (worn)
Jewellery
 h - a +2 ring of protection (left hand)
 o - an amulet of guardian spirit (around neck)
Scrolls
 g - 3 scrolls of enchant weapon
 i - 2 scrolls of identify
 j - a scroll of teleportation {unknown}
Potions
 e - a potion of curing
 f - 2 potions of heal wounds {unknown}
 k - 2 potions of haste {unknown}
 l - 2 potions of berserk rage
 m - a potion of might {unknown}
 p - 2 potions of agility {unknown}
 q - a potion of flight {unknown}
 s - a potion of lignification {unknown}
Books
 b - a book of Flames

   Spells                             Type                      Level
   a - Flame Tongue                   Conjuration/Fire             1
   b - Throw Flame                    Conjuration/Fire             2
   c - Conjure Flame                  Conjuration/Fire             3
   d - Inner Flame                    Hexes/Fire                   3
   e - Sticky Flame                   Conjuration/Fire             4
   f - Fireball                       Conjuration/Fire             5
Comestibles
 c - a bread ration
 n - a meat ration


   Skills:
 + Level 2.8 Dodging
 + Level 2.7 Stealth
 + Level 4.2 Spellcasting
 + Level 1.9 Conjurations
 + Level 4.1 Fire Magic


You had 2 spell levels left.
You knew the following spells:

 Your Spells              Type           Power        Failure   Level  Hunger
a - Flame Tongue          Conj/Fire      ###..        3%          1    None
b - Throw Flame           Conj/Fire      ###...       6%          2    #......
c - Conjure Flame         Conj/Fire      ###.....     12%         3    ###....
d - Inner Flame           Hex/Fire       ##......     17%         3    ###....


Dungeon Overview and Level Annotations

Branches:
Dungeon (3/15)

Altars:
Yredelemnul
Zin
The Shining One

Annotations:
D:3 Grinder, Jessica


Message History

It is a scroll of identify.
l - 3 potions of berserk rage Grinder hits you.
You writhe in agony.
* * * LOW HITPOINT WARNING * * *
A red film seems to cover your vision as you go berserk!
You feel yourself moving faster!
You feel mighty! Grinder closely misses you.
You hit Grinder.
Grinder is severely wounded.
Grinder closely misses you.
You punch Grinder!
Grinder is almost dead.
Grinder gestures at you. Pain shoots through your body!
* * * LOW HITPOINT WARNING * * *
You closely miss Grinder.
Grinder is almost dead.
You hit Grinder.
Grinder is almost dead.
Grinder hits you.
You die...

#.#.#
##############.#.#
+.....>........#.#
######.#########..
#.# #.# #.# #.#
#.# #@# #5# #o#
... ... .#.#.
.#... ###.###


You could see Grinder and an orc.

Vanquished Creatures
  2 adders
  An ooze (D:2)
  A worm (D:2)
  A dart slug (D:1)
  2 ball pythons (D:1)
  2 giant cockroaches
  3 goblins
  4 hobgoblins
  4 jackals (D:2)
  3 kobolds (D:2)
  9 bats
  7 frilled lizards
  11 rats
50 creatures vanquished.

Notes
Turn   | Place    | Note
-------+----------+-------------------------------------------
     0 | D:1      | GlassEater the Deep Elf Fire Elementalist began the quest for the Orb.
     0 | D:1      | Reached XP level 1. HP: 10/10 MP: 6/6
   187 | D:1      | Reached XP level 2. HP: 15/15 MP: 5/8
   239 | D:1      | Learned a level 2 spell: Throw Flame
   713 | D:2      | Reached XP level 3. HP: 19/19 MP: 6/10
   894 | D:2      | Learned a level 3 spell: Conjure Flame
   898 | D:2      | Learned a level 3 spell: Inner Flame
  1387 | D:2      | Found a basalt altar of Yredelemnul.
  1387 | D:2      | Found a glowing silver altar of Zin.
  1387 | D:2      | Found a glowing golden altar of the Shining One.
  1914 | D:3      | Noticed Jessica
  1939 | D:3      | Reached XP level 4. HP: 24/24 MP: 6/12
  2006 | D:3      | Noticed Grinder
  2019 | D:3      | HP: 1/36 [Grinder/nerve-wracking pain (8)]
  2021 | D:3      | Slain by Grinder

Vault maps used:
D:1:      dpeg_arrival_tiny_e, interstate_on_off, hangedman_glass_teeth
D:2:      gammafunk_temple_overflow_forgotten, nrook_mini_backslash
D:3:      minitemple, first_bread, serial_park_tiny_pond, uniq_sigmund,
          uniq_grinder, uniq_jessica

Skill      XL: |  1  2  3 |
---------------+----------+-----
Fire Magic     | 4 |  4.1
Spellcasting   | 4 |  4.2
Dodging        | |  2.8
Stealth        | |  2.7
Conjurations   | |  1.9

Action                   |  1- 3 |  4- 6 || total
-------------------------+-------+-------++-------
Melee: Unarmed           |       |     4 ||     4
 Cast: Flame Tongue      |    56 |     4 ||    60
       Throw Flame       |    20 |     4 ||    24
  Use: Scroll            |       |     2 ||     2
       Potion            |       |     2 ||     2
  Eat: Chunk             |     3 |     1 ||     4
Armor: Robe              |    15 |       ||    15
Dodge: Dodged            |    14 |     2 ||    16
